 Dungeon Sprint DCSS version 0.21.1-1-g345015f (webtiles) character file.

1899 Fang the Cleaver (level 9, -3/64 HPs)
             Began as a Gargoyle Berserker on July 15, 2018.
             Was the Champion of Trog.
             Slain by a small abomination (14 damage)
             ... in the Dungeon (Sprint VII: "The Pits").
             The game lasted 00:03:50 (1553 turns).

Fang the Cleaver (Gargoyle Berserker)               Turns: 1553, Time: 00:03:51

Health: -3/64      AC:  8    Str: 25    XL:     9   Next: 15%
Magic:  4/9        EV: 15    Int:  7    God:    Trog [******]
Gold:   0          SH:  0    Dex:  9    Spells: 8/8 levels left

rFire    . . .     SeeInvis .   p - +0 war axe (flame)
rCold    . . .     Gourm    .   (no shield)
rNeg     + . .     Faith    .   b - +0 animal skin
rPois    ∞         Spirit   .   (no helmet)
rElec    +         Reflect  .   (no cloak)
rCorr    .         Harm     .   (no gloves)
MR       .....     NoTele   +   (no boots)
Stlth    ++........             (no amulet)
HPRegen  0.20/turn              (no ring)
MPRegen  0.11/turn              (no ring)

@: berserk cooldown, slowed, very slow
A: negative energy resistance 1, electricity resistance, unbreathing,
petrification resistance, rot immunity, AC +6
a: Berserk, Trog's Hand, Brothers in Arms, Burn Spellbooks, Renounce Religion


You were in the Dungeon.
You worshipped Trog.
Trog was exalted by your worship.
You were very hungry.

You visited 1 branch

Inventory:

Hand Weapons
 j - a +1 antimagic battleaxe
 m - a +2 hand axe of chopping
 p - a +0 war axe of flaming (weapon)
 t - a +1 broad axe of freezing
Armour
 b - a +0 animal skin (worn)
Jewellery
 o - a +3 ring of protection
 r - a +3 ring of dexterity
Scrolls
 i - a scroll of blinking
 k - 3 scrolls of remove curse
 l - a scroll of summoning
Potions
 a - 2 potions of invisibility
 d - 6 potions of curing
 e - 16 potions of heal wounds
 f - a potion of haste
 g - 4 potions of magic
 h - 3 potions of berserk rage
 n - a potion of flight {unknown}
 q - a potion of might
 s - a potion of agility
Comestibles
 c - 8 rations


   Skills:
 + Level 11.6 Fighting
 + Level 12.9 Axes
 + Level 5.3 Armour
 + Level 7.1 Dodging
 + Level 3.8 Stealth


You had 8 spell levels left.
You didn't know any spells.

Dungeon Overview and Level Annotations

Branches:
Dungeon (1/1)

Altars:
Cheibriados
Dithmenos
Elyvilon
Fedhas
Gozag
Hepliaklqana
Makhleb
Nemelex Xobeh
Okawaru
Qazlal
Ru
Sif Muna
Trog
Vehumet
Wu Jian
Xom
Yredelemnul
Zin
The Shining One
Beogh
Jiyva
Lugonu


Innate Abilities, Weirdness & Mutations

You are resistant to torment.
Your stone body is resilient. (AC +6)
You are immune to poison.
You resist negative energy. (rN+)
You are resistant to electric shocks. (rElec)
You can survive without breathing.
You are immune to petrification.
You are immune to rotting.


Message History

You are too injured to fight recklessly!
You are too injured to fight recklessly!
You hit the freezing wraith but do no damage.
The freezing wraith is severely damaged.
You slash the freezing wraith! You burn the freezing wraith.
You destroy the freezing wraith!
Trog accepts your kill.
Your Dodging skill increases to level 7!
You feel a strong urge to attack something.
A small abomination and a guardian mummy come into view.
You are no longer berserk.
You are exhausted.
You feel as though you will be slow longer.
You are no longer corroded.
The small abomination barely misses you.
The guardian mummy hits you but does no damage.
The small abomination hits you.
* * * LOW HITPOINT WARNING * * *
The small abomination hits you!
You die...

#..+
#........
#..#
#........#
#..#
#.#####..#
#..#####.+
#..# .
#........#
+..##+##..
#........#
#........
##+###...#
#.......
+...#+###..x#
#.........M@#
#...........+
#############


You could see a guardian mummy and a small abomination.

Vanquished Creatures
  A sea snake (D)
  2 freezing wraiths (D)
  A troll (D)
  A tarantella (D)
  An acid dragon (D)
  A sky beast (D)
  2 scorpions (D)
  A small abomination (D)
  A jelly (D)
  Ijyb (D)
  A gnoll shaman (D)
  A worker ant (D)
  3 gnolls (D)
  A river rat (D)
  An adder (D)
  An ufetubus (D)
  2 oozes (D)
  A leopard gecko (D)
  An orc (D)
  A bat skeleton (D)
  2 hobgoblins (D)
  3 jackals (D)
  A kobold (D)
  A quokka (D)
  A bat (D)
  A frilled lizard (D)
34 creatures vanquished.

Notes
Turn   | Place    | Note
-------+----------+-------------------------------------------
     0 | D        | Fang the Gargoyle Berserker began the quest for the Orb.
     0 | D        | Reached XP level 1. HP: 14/14 MP: 1/1
    22 | D        | Reached skill level 3 in Axes
    78 | D        | Found a bloodstained altar of Trog.
    78 | D        | Found a deep blue altar of Sif Muna.
    78 | D        | Found a viscous altar of Jiyva.
    78 | D        | Found a hazy altar of Hepliaklqana.
    78 | D        | Found an opulent altar of Gozag.
    79 | D        | Found a glowing golden altar of the Shining One.
    79 | D        | Found a glowing silver altar of Zin.
    79 | D        | Found a basalt altar of Yredelemnul.
    79 | D        | Found a shimmering altar of Xom.
    79 | D        | Found an ornate altar of the Wu Jian Council.
    79 | D        | Found a sacrificial altar of Ru.
    79 | D        | Found a stormy altar of Qazlal.
    79 | D        | Found an iron altar of Okawaru.
    79 | D        | Found a sparkling altar of Nemelex Xobeh.
    79 | D        | Found a burning altar of Makhleb.
    79 | D        | Found a blossoming altar of Fedhas.
    79 | D        | Found a white marble altar of Elyvilon.
    79 | D        | Found a shadowy altar of Dithmenos.
    79 | D        | Found a snail-covered altar of Cheibriados.
    81 | D        | Found a radiant altar of Vehumet.
    81 | D        | Found a corrupted altar of Lugonu.
    81 | D        | Found a roughly hewn altar of Beogh.
   125 | D        | Noticed a worker ant
   130 | D        | Killed a worker ant
   130 | D        | Reached ** piety under Trog
   130 | D        | Reached skill level 5 in Fighting
   130 | D        | Reached skill level 4 in Axes
   130 | D        | Reached XP level 2. HP: 21/21 MP: 2/2
   130 | D        | Reached XP level 3. HP: 26/26 MP: 3/3
   136 | D        | Noticed a scorpion
   149 | D        | Killed a scorpion
   149 | D        | Reached *** piety under Trog
   149 | D        | Reached skill level 5 in Axes
   149 | D        | Reached XP level 4. HP: 16/32 MP: 4/4
   418 | D        | Noticed Ijyb
   422 | D        | Reached **** piety under Trog
   422 | D        | Reached skill level 6 in Axes
   426 | D        | Reached ***** piety under Trog
   427 | D        | Killed Ijyb
   427 | D        | Reached XP level 5. HP: 38/38 MP: 5/5
   588 | D        | Noticed a tarantella
   597 | D        | Killed a tarantella
   597 | D        | Received a gift from Trog
   597 | D        | Reached skill level 8 in Axes
   597 | D        | Reached XP level 6. HP: 26/45 MP: 6/6
   787 | D        | Reached skill level 9 in Axes
   836 | D        | Noticed a troll
   836 | D        | Noticed an acid dragon
   844 | D        | Reached skill level 1 in Stealth
   845 | D        | Killed a troll
   845 | D        | Reached skill level 10 in Fighting
   845 | D        | Reached skill level 10 in Axes
   845 | D        | Reached skill level 5 in Armour
   845 | D        | Reached skill level 5 in Dodging
   845 | D        | Reached XP level 7. HP: 38/52 MP: 7/7
  1184 | D        | Noticed a freezing wraith
  1197 | D        | Killed a freezing wraith
  1197 | D        | Reached skill level 11 in Axes
  1197 | D        | Reached XP level 8. HP: 14/59 MP: 8/8
  1201 | D        | Received a gift from Trog
  1218 | D        | Noticed a sea snake
  1478 | D        | Reached ****** piety under Trog
  1478 | D        | Killed a sea snake
  1478 | D        | Reached skill level 12 in Axes
  1539 | D        | Reached XP level 9. HP: 63/64 MP: 3/9
  1540 | D        | Noticed a freezing wraith
  1548 | D        | Killed a freezing wraith
  1550 | D        | Noticed a guardian mummy
  1553 | D        | Slain by a small abomination

Skill      XL: |  1  2  3  4  5  6  7  8  9 |
---------------+----------------------------+-----
Axes           | 4 5 6 8 10 11 12 | 12.9
Fighting       | 5 6 7 8 10 11 | 11.6
Dodging        | 2 3 4 5 6 7 |  7.1
Armour         | 3 4 5 |  5.3
Stealth        | 1 2 3 |  3.8

Action                   |  1- 3 |  4- 6 |  7- 9 || total
-------------------------+-------+-------+-------++-------
Melee: Hand axe          |    29 |    38 |    11 ||    78
       War axe           |       |       |     6 ||     6
       Battleaxe         |       |       |    10 ||    10
Invok: Berserk           |     1 |     4 |     3 ||     8
 Stab: Sleeping          |       |       |     1 ||     1
  Eat: Chunk             |       |     4 |     1 ||     5
       Ration            |       |       |     1 ||     1
Armor: Animal skin       |    17 |    11 |    10 ||    38
Dodge: Dodged            |    30 |    33 |    20 ||    83
